 Dungeon Crawl Stone Soup version 0.30-a0-719-gcc4359ea44 (webtiles) character file.

Game seed: 18368731610903486171

3430 hikkokomori the Trooper (level 10, -10/55 HPs)
             Began as a Vine Stalker Fighter on Jan 26, 2023.
             Was an Initiate of Okawaru.
             Engulfed by a cloud of steam (11 damage)
             ... on level 7 of the Dungeon on Jan 27, 2023.
             The game lasted 00:12:53 (6050 turns).

hikkokomori the Trooper (Vine Stalker Fighter)      Turns: 6050, Time: 00:12:54

Health: -10/55     AC: 18    Str: 21    XL:     10   Next: 5%
Magic:  0/11       EV: 12    Int:  8    God:    Okawaru [......]
Gold:   430        SH:  0    Dex: 16    Spells: 9/9 levels left

rFire   . . .      SeeInvis .    u - +2 mace (protect)
rCold   . . .      Faith    .    (no shield)
rNeg    . . .      Spirit   +    K - +3 ring mail
rPois   .          Reflect  .    (no helmet)
rElec   .          Harm     .    J - +1 cloak
rCorr   +          Rampage  .    b - +0 pair of gloves
Will    +....                    (no boots)
Stlth   ++                       (no amulet)
HPRegen 1.09/turn                w - ring of resist corrosion
MPRegen 0.12/turn                (no ring)

@: under a protective aura
A: fangs 3, regeneration 1, magic shield, antimagic bite, no potion heal 2
a: Renounce Religion


You were on level 7 of the Dungeon.
You worshipped Okawaru.
Okawaru was noncommittal.
You visited 2 branches of the dungeon, and saw 9 of its levels.
You also visited: Sewer.

You collected 430 gold pieces.

Inventory:

Hand Weapons
 h - a +2 antimagic flail
 u - a +2 mace of protection (weapon)
 M - a +5 dire flail
Missiles
 e - 3 throwing nets (quivered)
Armour
 b - a +0 pair of gloves (worn)
 c - a +0 buckler
 J - a +1 cloak (worn)
 K - a +3 ring mail (worn)
Jewellery
 w - a ring of resist corrosion (left hand)
 C - a +4 ring of protection
Wands
 t - a wand of polymorph (5)
 y - a wand of charming (5)
 D - a wand of acid (7)
 E - a wand of iceblast (7)
 G - a wand of flame (12)
Scrolls
 a - 3 scrolls of magic mapping
 f - a scroll of identify
 i - a scroll of blinking
 k - a scroll of noise {unknown}
 n - 4 scrolls of teleportation
 p - 2 scrolls of vulnerability {unknown}
 r - a scroll of immolation
 B - a scroll of fear
 F - a scroll of enchant armour
 H - a scroll of acquirement {unknown}
 I - a scroll of brand weapon {unknown}
 L - a scroll of enchant weapon
Potions
 d - 3 potions of might
 g - 4 potions of degeneration {unknown}
 j - 2 potions of cancellation {unknown}
 l - 2 potions of curing {unknown}
 m - a potion of ambrosia {unknown}
 o - 2 potions of attraction {unknown}
 s - a potion of mutation {unknown}
 v - 3 potions of heal wounds {unknown}
 x - a potion of invisibility
 z - a potion of flight {unknown}
 A - 2 potions of haste


   Skills:
 + Level 7.2 Fighting
 + Level 6.9 Maces & Flails
 - Level 2.5 Armour
 + Level 2.8 Dodging
 - Level 5.5 Stealth
 - Level 6.3 Shields
 + Level 3.1 Evocations


You had 9 spell levels left.
You didn't know any spells.
Your spell library contained the following spells:

 Spells                   Type           Power      Damage    Failure   Level
 Scorch                   Fire           0%         2d5       71%         2
 Flame Wave               Conj/Fire      0%         2d4       100%        4
 Summon Cactus Giant      Summ           Unusable   N/A       N/A         6

Dungeon Overview and Level Annotations

Branches:
Dungeon (8/15)             Temple (1/1) D:4           Sewer (visited)
   Lair: D:8-11

Altars:
Cheibriados
Dithmenos
Elyvilon
Gozag
Hepliaklqana
Kikubaaqudgha
Makhleb
Nemelex Xobeh
Okawaru
Ru
Sif Muna
Trog
Uskayaw
Vehumet
Wu Jian
Xom
The Shining One

Shops:
D:6 :

Annotations:
D:3 Sigmund


Innate Abilities, Weirdness & Mutations

You have razor-sharp teeth.
Your natural rate of healing is unusually fast.
When hurt, damage is shared between your health and your magic reserves.
Your bite disrupts and absorbs the magic of your enemies.
Potions cannot restore your health.


Message History

You completely miss the steam dragon. Your bite misses the steam dragon.
The steam dragon is moderately wounded.
You are engulfed in a cloud of scalding steam.
The steam dragon barely misses you. x2
You sock the steam dragon! You bite the steam dragon. You drain its power.
You feel invigorated.
The steam dragon is severely wounded.
You are engulfed in a cloud of scalding steam.
The steam dragon bites you. The steam dragon claws you.
You closely miss the steam dragon.
The steam dragon is severely wounded.
You are engulfed in a cloud of scalding steam.
The steam dragon misses you. The steam dragon claws you.
You are too injured to fight recklessly!
You are too injured to fight recklessly!
You are too injured to fight recklessly!
You are too injured to fight recklessly!
A steam dragon is nearby!
A steam dragon is nearby!
You are too injured to fight recklessly!
Unknown command.
You closely miss the steam dragon. Your bite misses the steam dragon.
The steam dragon is severely wounded.
The steam dragon bites you. The steam dragon barely misses you.
The steam dragon breathes steam at you. The ball of steam hits you!!
* * * LOW HITPOINT WARNING * * *
You hit the steam dragon. Your bite misses the steam dragon.
The steam dragon is almost dead.
You are engulfed in a cloud of scalding steam.
* * * LOW HITPOINT WARNING * * *
The steam dragon bites you.
* * * LOW HITPOINT WARNING * * *
The steam dragon barely misses you.
You hit the steam dragon. Your punch misses the steam dragon.
You bite the steam dragon.
You kill the steam dragon!
Okawaru accepts your kill.
You are engulfed in a cloud of scalding steam.
You die...

.#
######.########.##
## #...# #.#
#########..# #.#
...........# #.#
#########.## #.#
#.# #.# #.# #.#
#.#########.#
#......§@..§#
###########.# #.#
###


There were no monsters in sight!

Vanquished Creatures
  2 steam dragons (D:7)
  The ghost of olddryhag the Firebug, an amateur DrFE (D:4)
  2 water moccasins
  Pargi (Sewer)
  2 ice beasts
  A black bear (D:5)
  An orc warrior (D:6)
  3 ogres
  3 phantoms
  A kobold brigand (D:6)
  Blork the orc (D:5)
  2 bullfrogs (D:4)
  3 scorpions
  4 necrophages
  8 wights
  A howler monkey (D:4)
  3 hounds
  4 jellies
  A gnoll bouda (D:4)
  3 orc priests (D:7)
  Crazy Yiuf (D:2)
  Natasha (D:2)
  6 iguanas
  2 orc wizards (D:7)
  A statue (D:3)
  9 adders
  11 gnolls
  A river rat (D:6)
  2 white imps (D:7)
  An ufetubus (D:6)
  A dart slug (D:1)
  24 orcs
  5 endoplasms
  3 giant cockroaches
  8 goblins
  2 hobgoblins
  4 jackals
  5 kobolds
  3 quokkas
  7 ball pythons
  6 bats (Sewer)
  3 frilled lizards
  10 rats
163 creatures vanquished.

Notes
Turn   | Place    | Note
-------+----------+-------------------------------------------
     0 | D:1      | hikkokomori the Vine Stalker Fighter began the quest for
                  | the Orb.
     0 | D:1      | Reached XP level 1. HP: 11/11 MP: 2/2
   215 | D:1      | Reached XP level 2. HP: 12/16 MP: 3/3
   424 | D:1      | You fall into a shaft and drop 1 floor!
   554 | D:2      | Found an ornate altar of the Wu Jian Council.
   633 | D:2      | Reached skill level 3 in Fighting
   633 | D:2      | Reached skill level 1 in Stealth
   633 | D:2      | Reached XP level 3. HP: 20/20 MP: 4/4
   767 | D:2      | Gained mutation: Your natural rate of healing is unusually
                  | fast. [Vine Stalker growth]
   767 | D:2      | Reached XP level 4. HP: 24/24 MP: 5/5
  1015 | D:2      | Noticed Natasha
  1025 | D:2      | Killed Natasha
  1085 | D:2      | Found a runed translucent door.
  1086 | D:2      | Noticed Crazy Yiuf
  1207 | D:2      | Killed Crazy Yiuf
  1208 | D:2      | Reached XP level 5. HP: 27/28 MP: 4/6
  1443 | D:3      | Found a radiant altar of Vehumet.
  1443 | D:3      | Noticed a charred statue
  1453 | D:3      | Killed a charred statue
  1823 | D:3      | Noticed Sigmund
  1869 | D:4      | Reached XP level 6. HP: 33/33 MP: 7/7
  2062 | D:4      | Reached skill level 4 in Fighting
  2133 | D:4      | Found a hazy altar of Hepliaklqana.
  2148 | D:4      | Found a burning altar of Makhleb.
  2242 | D:4      | Reached XP level 7. HP: 22/37 MP: 3/8
  2288 | D:4      | Found a sparkling altar of Nemelex Xobeh.
  2556 | D:4      | Found a staircase to the Ecumenical Temple.
  2712 | D:4      | Found a runed translucent door.
  2937 | D:4      | Noticed olddryhag's ghost (amateur DrFE)
  2955 | D:4      | Reached skill level 5 in Stealth
  2966 | D:4      | Killed olddryhag's ghost
  2967 | D:4      | Gained mutation: You have razor-sharp teeth. [Vine Stalker
                  | growth]
  2967 | D:4      | Reached XP level 8. HP: 42/42 MP: 9/9
  2989 | D:5      | Entered Level 5 of the Dungeon
  3051 | D:4      | Reached skill level 5 in Fighting
  3051 | D:4      | Reached skill level 5 in Shields
  3064 | D:5      | Noticed Blork the orc
  3090 | D:5      | Killed Blork the orc
  3091 | D:5      | Reached skill level 5 in Maces & Flails
  3174 | D:5      | Found a snail-covered altar of Cheibriados.
  3188 | D:5      | Found a shimmering altar of Xom.
  3538 | D:6      | Found a bloodstained altar of Trog.
  3551 | D:6      | Reached skill level 6 in Fighting
  3551 | D:6      | Reached XP level 9. HP: 48/48 MP: 10/10
  3641 | D:6      | Found a glowing drain.
  3648 | Sewer    | Entered a sewer
  3678 | Sewer    | Noticed Pargi
  3687 | Sewer    | Killed Pargi
  3859 | D:6      | Reached skill level 1 in Evocations
  3874 | D:6      | Reached skill level 1 in Dodging
  4155 | D:6      | Found Levais's Book Emporium.
  4223 | D:6      | Found a shimmering blue altar of Sif Muna.
  4891 | D:7      | Reached skill level 7 in Fighting
  5207 | D:7      | Reached XP level 10. HP: 55/55 MP: 9/11
  5325 | Temple   | Entered the Ecumenical Temple
  5363 | Temple   | Became a worshipper of Warmaster Okawaru
  6049 | D:7      | HP: 2/55 [steam dragon] (3)]
  6050 | D:7      | Engulfed by a cloud of steam

Illustrated notes

Levels and vault maps discovered:
D:1:      nzn_arrival_settlement, layout_basic
D:2:      layout_loops_ring, basic_altar, uniq_crazy_yiuf_cottage, uniq_natasha
D:3:      layout_basic, vehumet_statue, corexii_leaking_fountain, uniq_sigmund
D:4:      layout_gridville, lemuel_tele_altar, nzn_hepliaklqana_mist_gate,
          lemuel_coloured_pillars_altar, minmay_temple_entry_stoned_glass,
          ebering_ghost_sewer_d
D:5:      layout_rooms, mainiacjoe_overflow_catch_the_wave, sigmund_army,
          uniq_blork_the_orc
D:6:      layout_basic, nicolae_sif_muna_little_library, trog_antimagical,
          serial_shops, nicolae_shop_stone, gup_sewer_entry_bubbles,
          minmay_splitting_lines
D:7:      layout_basic, lightli_orcish_oven
D:8:      layout_basic
Temple:   jpeg_temple_island

Skill      XL: |  1  2  3  4  5  6  7  8  9 |
---------------+----------------------------+-----
Maces & Flails | 2 3 4 5 6 |  6.9
Fighting       | 3 4 6 7 |  7.2
Stealth        | 1 2 3 4 5 |  5.5
Shields        | 3 4 6 |  6.3
Evocations     | 3 |  3.1
Dodging        | 2 |  2.8
Armour         | |  2.5

Action                     |  1- 3 |  4- 6 |  7- 9 | 10-12 || total
---------------------------+-------+-------+-------+-------++-------
  Melee: Flail             |    57 |   135 |       |       ||   192
         Bite              |    13 |    43 |   105 |    14 ||   175
         Mace              |       |    14 |   316 |    30 ||   360
         Dire flail        |       |       |     9 |       ||     9
  Evoke: Wand              |       |       |     4 |       ||     4
    Use: Scroll            |       |     2 |     6 |       ||     8
   Stab: Distracted        |       |       |     1 |       ||     1
         Sleeping          |       |       |     1 |       ||     1
 Armour: Scale mail        |    26 |    78 |   121 |       ||   225
         Ring mail         |       |       |    30 |    10 ||    40
  Dodge: Dodged            |    21 |    75 |   139 |    16 ||   251
  Block: Buckler           |    12 |    52 |    85 |       ||   149

Table legend: (Time is in decaauts)
 A = Elapsed time spent in this place.
 B = Non-inter-level travel time spent in this place.
 C = Inter-level travel time spent in this place.
 D = Time resting spent in this place.
 E = Time spent auto-exploring this place.
 F = Levels seen in this place.
 G = Mean time per level.
                   A        B        C        D        E       F      G
               +--------+--------+--------+--------+--------+-----+--------+
         Total |   6243 |   5878 |    365 |    154 |   4264 |  10 |  624.3 |
       Dungeon |   5873 |   5531 |    342 |    154 |   3984 |   8 |  734.1 |
        Temple |    283 |    261 |     22 |      0 |    254 |   1 |  283.0 |
         Sewer |     85 |     85 |      0 |      0 |     26 |   1 |   85.0 |
               +--------+--------+--------+--------+--------+-----+--------+

Top non-repeatable levels by time:
     D:7: 1241 daAuts
     D:4: 1169 daAuts
     D:6: 960 daAuts
     D:2: 886 daAuts
     D:3: 690 daAuts
     D:5: 486 daAuts
     D:1: 435 daAuts
  Temple: 283 daAuts
   Sewer: 85 daAuts
     D:8: 1 daAuts
